AoeStats
← Rashasha

Arena

509269763Analyzed
1v1 RM · 6d ago on Sep 26, 2026· 60m 6s· 2 players
Game mode
Random Map
Map size
Tiny (2 player)
Population
200
Speed
Normal
Resources
Standard
Victory
Conquest
Starting age
Dark Age
Ending age
Imperial Age
RankedLock teamsTeams togetherTeam positionsShared explorationLock speedFull tech treeHidden civsTurbo modeCheats
Victory
Defeat
🇺🇸 Lithuanians · United States
498
+14
🇫🇷 Italians · France
465
-14
mickaelblond
10:31 Feudal Age
11:01 Double-Bit Axe
11:02 Horse Collar
20:49 Castle Age
19:31 Stone Mining
19:47 Gold Mining
21:13 Crossbowman
22:41 Thumb Ring
25:38 Wheelbarrow
26:38 Heavy Plow
27:54 Ballistics
27:42 Padded Archer Armor
27:33 Fletching
28:48 Hand Cart
29:23 Leather Archer Armor
31:33 Murder Holes
34:24 Treadmill Crane
34:44 Bodkin Arrow
34:55 Scale Barding Armor
34:14 Light Cavalry
35:05 Bloodlines
34:56 Husbandry
40:17 Imperial Age
43:18 Ring Archer Armor
46:43 Conscription
47:09 Cavalier
48:56 Hussar
51:28 Chemistry
Rashasha
8:25 Loom
10:50 Feudal Age
16:56 Castle Age
17:19 Wheelbarrow
17:56 Double-Bit Axe
21:50 Fervor
26:55 Sanctity
26:31 Herbal Medicine
28:14 Ballistics
28:24 Horse Collar
29:13 Bow Saw
30:38 Thumb Ring
29:53 Elite Skirmisher
31:07 Forging
33:10 Stone Mining
33:20 Gold Mining
35:28 Hand Cart
38:58 Imperial Age
36:15 Town Watch
36:15 Treadmill Crane
36:33 Murder Holes
37:51 Bloodlines
37:41 Husbandry
39:49 Cavalier
41:26 Heavy Plow
42:31 Two-Man Saw
42:09 Stone Shaft Mining
42:06 Conscription
42:23 Hoardings
44:58 Chemistry
44:10 Masonry
44:11 Fortified Wall
44:37 Iron Casting
44:02 Scale Mail Armor
44:08 Scale Barding Armor
43:54 Fletching
44:04 Padded Archer Armor
46:49 Squires
46:10 Pikeman
46:25 Capped Ram
47:34 Arson
51:25 Elite Leitis
52:05 Hill Forts
52:06 Tower Shields
52:27 Bodkin Arrow
52:48 Leather Archer Armor
55:07 Paladin
57:07 Halberdier
58:51 Bracer
59:21 Ring Archer Armor
59:26 Architecture
Connection lost

Rejoining the realm…

Still unreachable

The connection could not be restored.

Session expired

The server has moved on; the page needs a fresh start.